 Dungeon Crawl Stone Soup version 0.29-a0-284-gf9362112df (webtiles) character file.

Game seed: 11243996803232155950

77 horus123 the Magician (level 3, 0/26 HPs)
             Began as a Demigod Conjurer on Mar 31, 2022.
             Slain by an orc
             ... wielding a +0 falchion
              (7 damage)
             ... on level 3 of the Dungeon.
             The game lasted 00:02:29 (2028 turns).

horus123 the Magician (Demigod Conjurer)            Turns: 2028, Time: 00:02:30

Health: 0/26       AC:  4    Str:  8    XL:     3   Next: 92%
Magic:  11/11      EV: 12    Int: 24    God:
Gold:   114        SH:  0    Dex: 12    Spells: 6/9 levels left

rFire   . . .      SeeInvis .   m - +0 great mace
rCold   . . .      Faith    .   (shield currently unavailable)
rNeg    . . .      Spirit   .   a - +0 robe
rPois   .          Reflect  .   c - +1 helmet
rElec   .          Harm     .   (no cloak)
rCorr   .          Rampage  .   (no gloves)
Will    .....                   (no boots)
Stlth   ++........              (no amulet)
HPRegen 0.08/turn               (no ring)
MPRegen 0.12/turn               (no ring)

@: no status effects
A: high MP 1, forlorn, divine attributes
a: no special abilities


You were on level 3 of the Dungeon.
You visited 1 branch of the dungeon, and saw 3 of its levels.

You collected 114 gold pieces.

Inventory:

Hand Weapons
 m - a +0 great mace (weapon)
Armour
 a - a +0 robe (worn)
 c - a +1 helmet (worn)
Jewellery
 j - a ring of ice
Scrolls
 e - 4 scrolls of identify {unknown}
 g - a scroll of magic mapping {unknown}
 i - a scroll of torment {unknown}
 k - a scroll of amnesia {unknown}
 l - a scroll of blinking {unknown}
Potions
 b - a potion of magic
 d - 2 potions of degeneration {unknown}
 f - 2 potions of curing {unknown}
 h - a potion of heal wounds {unknown}
 n - a potion of lignification {unknown}
 o - 2 potions of haste {unknown}


   Skills:
 - Level 1.7 Dodging
 - Level 1.7 Stealth
 + Level 3.8 Spellcasting
 - Level 3.6 Conjurations


You had 6 spell levels left.
You knew the following spells:

 Your Spells              Type           Power      Damage    Failure   Level
a - Magic Dart            Conj           84%        1d7       2%          1
b - Searing Ray           Conj           42%        2d6       3%          2

Your spell library contained the following spells:

 Spells                   Type           Power      Damage    Failure   Level
 Conjure Flame            Conj/Fire      13%        6-21      14%         3
 Dazzling Flash           Conj/Hex       26%        N/A       14%         3
 Call Canine Familiar     Summ           4%         N/A       30%         3
 Ignite Poison            Fire/Tmut/Pois 4%         N/A       30%         3
 Portal Projectile        Hex/Tloc       8%         N/A       30%         3
 Fulminant Prism          Conj/Hex       6%         3d7       43%         4
 Iskenderun's Mystic Bla  Conj/Tloc      13%        2d5       43%         4
 Sticky Flame             Conj/Fire      13%        2d4       43%         4
 Leda's Liquefaction      Hex/Erth       2%         N/A       69%         4


Dungeon Overview and Level Annotations

Branches:
Dungeon (3/15)


Innate Abilities, Weirdness & Mutations

You have an increased reservoir of magic. (+10% MP)
You shall have no god before yourself.
Your divine heritage dramatically boosts your attributes as you level up.


Message History

You climb downwards.
You hear the sound of rushing water.
There is an entrance to a sewer on this level.
Hurry and find it before the portal rusts away!
Found a dark potion.
There is a stone staircase leading up here. 2 orcs come into view.
An orc and an orc wizard come into view.
The orc shouts!
The orc wizard shouts!
The orc shouts!
You hear a bark!
The orc wizard casts a spell at you.
You are confused.
You're too confused to cast spells.
Unknown command.
You are too confused!
You are too confused!
You are too confused!
An orc comes into view. It is wielding a +0 flail.
The orc shouts!
Found a scroll labelled ZUBERI TIWAIH.
You closely miss the orc. The orc barely misses you. The orc misses you.
You closely miss the orc.
A hound comes into view.
The orc barely misses you.
You barely miss the orc.
You feel less confused.
The orc wizard casts a spell.
The orc wizard flickers and vanishes!
Deactivating autopickup; reactivate with Ctrl-A.
The orc hits you with a +0 flail! The orc barely misses you.
The orc hits you with a +0 falchion. The orc barely misses you.
The orc closely misses you. Something barely misses you.
The orc completely misses you.
You miss something. Something barely misses you. The orc closely misses you. x2
The orc hits you but does no damage.
You miss something. Something hits you. The orc hits you but does no damage.
The orc hits you with a +0 dagger.
* * * LOW HITPOINT WARNING * * *
The orc closely misses you. Something hits you but does no damage.
The orc hits you but does no damage. The orc closely misses you.
The orc hits you with a +0 falchion!
You die...

########## #
#........# #.
#........# #..
#.<......# #..?
#........# #....
#........#
#.....#...!....#
#....ho@o......#
#.....#o{......#
#####..o.......#
##.....#####
#..#...#
.....#.#
........#
#####....#


You could see a hound and 4 orcs.

Vanquished Creatures
  Terence (D:2)
  2 adders (D:2)
  5 ball pythons
  5 endoplasms
  2 giant cockroaches
  2 goblins (D:1)
  2 hobgoblins (D:1)
  A jackal (D:1)
  5 kobolds (D:1)
  2 quokkas (D:1)
  2 bats
  2 frilled lizards
  3 rats
34 creatures vanquished.

Notes
Turn   | Place    | Note
-------+----------+-------------------------------------------
     0 | D:1      | horus123 the Demigod Conjurer began the quest for the Orb.
     0 | D:1      | Reached XP level 1. HP: 14/14 MP: 5/5
   448 | D:1      | Reached XP level 2. HP: 20/20 MP: 1/8
   537 | D:1      | Learned a level 2 spell: Searing Ray
  1368 | D:2      | Reached XP level 3. HP: 26/26 MP: 3/10
  1427 | D:2      | Noticed Terence
  1435 | D:2      | Killed Terence
  2028 | D:3      | Slain by an orc

Illustrated notes

Levels and vault maps discovered:
D:1:      lightli_arrival_chessboard, layout_basic,
          chequers_serial_rivers_large_a, st_stairs_2, kennysheep_crisscross,
          fountainhead, chequers_arboretum
D:2:      layout_rooms, shapermc_ecumenical_altar_pompeii, solitary_fountain,
          minivault_23, uniq_terence
D:3:      layout_rooms, portal_sewer_entry_e, st_stairs_6, grunt_ministairs_11,
          uniq_sigmund

Skill      XL: |  1  2 |
---------------+-------+-----
Spellcasting   | 2 3 |  3.8
Dodging        | |  1.7
Stealth        | |  1.7
Conjurations   | |  3.6

Action                   || total
-------------------------++-------
Melee: Great mace        ||    15
 Cast: Magic Dart        ||    66
       Searing Ray       ||     2
Armor: Robe              ||    11
Dodge: Dodged            ||    31

Table legend: (Time is in decaauts)
 A = Elapsed time spent in this place.
 B = Non-inter-level travel time spent in this place.
 C = Inter-level travel time spent in this place.
 D = Time resting spent in this place.
 E = Time spent auto-exploring this place.
 F = Levels seen in this place.
 G = Mean time per level.
                   A        B        C        D        E       F      G
               +--------+--------+--------+--------+--------+-----+--------+
         Total |   2044 |   1996 |     48 |    307 |   1470 |   3 |  681.3 |
       Dungeon |   2044 |   1996 |     48 |    307 |   1470 |   3 |  681.3 |
               +--------+--------+--------+--------+--------+-----+--------+

Top non-repeatable levels by time:
     D:1: 1298 daAuts
     D:2: 732 daAuts
     D:3: 13 daAuts
